Map: Lightshade LE

Players

JonSnow

  • Race: Zerg Zerg
  • League: Grandmaster
  • Spawn Location: 5:00

Future - Winner!

  • Race: Terran Terran
  • Spawn Location: 11:00

Event: DreamHack SC2 Masters 2020 Winter

VOD

Have the link to the VOD?

Description

Time

  • Played on: Oct. 30, 2020, 3:36 p.m.
  • Length: 9:36

All games in this series

Show
View Real Time Build Order
Export as new Build Order

JonSnow Zerg 

Build Orders: Hatch First, Muta Ling Bane 

Get SALT Encoding   

  12  0:01  Drone  
  13  0:12  Overlord  
  13  0:17  Drone  
  14  0:30  Drone x2  
  16  0:48  Hatchery  
  15  0:54  Drone  
  16  0:58  Drone  
  16  0:59  Drone  
  18  1:07  Extractor  
  17  1:16  Spawning Pool  
  16  1:19  Drone  
  16  1:23  Drone  
  18  1:30  Drone  
  19  1:38  Drone  
  20  1:50  Overlord  
  20  2:03  Queen x2  
  20  2:04  Zergling x4  
  26  2:08  Metabolic Boost  
  26  2:12  Zergling x2  
  27  2:28  Extractor  
  26  2:31  Spore Crawler  
  26  2:32  Drone x4  
  31  2:47  Hatchery  
  31  2:48  Drone  
  31  2:50  Drone  
  32  2:52  Drone  
  33  3:01  Queen  
  33  3:04  Overlord  
  35  3:09  Drone  
  36  3:21  Overlord  
  36  3:27  Drone x5  
  41  3:37  Drone  
  41  3:39  Queen  
  44  3:45  Overlord  
  44  3:46  Queen  
  44  3:48  Overlord  
  46  3:52  Zergling x4  
  48  3:58  Drone  
  48  3:59  Drone x2  
  48  4:00  Drone  
  48  4:01  Queen  
  54  4:06  Drone x2  
  56  4:12  Extractor  
  56  4:15  Queen  
  56  4:16  Drone x3  
  60  4:19  Drone x2  
  60  4:22  Spore Crawler  
  60  4:24  Spore Crawler  
  60  4:28  Spore Crawler  
  58  4:31  Drone  
  58  4:32  Spore Crawler  
  58  4:36  Lair  
  58  4:39  Zergling x2  
  58  4:42  Zergling x4  
  58  4:45  Drone x2  
  63  4:46  Drone  
  65  4:52  Drone  
  65  4:53  Drone x3  
  65  4:55  Overlord  
  68  5:07  Drone  
  68  5:08  Drone x4  
  68  5:13  Extractor  
  72  5:15  Baneling Nest  
  71  5:28  Zergling x6  
  69  5:35  Zergling x4  
  69  5:37  Drone x8  
  69  5:38  Spire  
  69  5:40  Overseer  
  76  5:47  Drone x3  
  78  5:50  Extractor  
  78  5:52  Drone  
  76  5:59  Extractor x2  
  76  6:00  Drone x3  
  76  6:02  Overlord  
  76  6:09  Hatchery  
  75  6:12  Drone x3  
  75  6:15  Overlord, Centrifical Hooks  
  75  6:18  Drone  
  75  6:19  Drone x2  
  75  6:21  Drone x2  
  75  6:22  Evolution Chamber  
  75  6:24  Drone x2, Evolution Chamber  
  79  6:26  Drone  
  79  6:32  Drone x2  
  82  6:36  Drone x3  
  82  6:38  Overlord  
  85  6:47  Overlord  
  85  6:50  Zergling x4  
  86  6:57  Hatchery  
  86  7:01  Zergling x12  
  92  7:09  Zerg Flyer Weapons Level 1  
  92  7:13  Baneling x8, Zergling x8  
  92  7:14  Zergling x2  
  98  7:17  Zergling x6  
  98  7:20  Zergling x2  
  98  7:22  Hatchery  
  99  7:24  Zergling x2  
  99  7:26  Overlord  
  99  7:29  Zergling x6  
  103  7:33  Mutalisk  
  103  7:34  Overlord x2  
  103  7:35  Overlord  
  106  7:50  Mutalisk x4  
  112  7:53  Baneling x4, Hatchery  
  112  7:55  Hatchery  
  107  7:58  Evolution Chamber, Zergling x10  
  107  8:03  Zergling x14  
  107  8:04  Baneling x9  
  111  8:09  Mutalisk x2  
  115  8:14  Zergling x2  
  109  8:20  Mutalisk x3  
  109  8:21  Mutalisk  
  109  8:24  Zergling x10  
  118  8:33  Baneling x2  
  118  8:34  Mutalisk x2, Baneling x2  
  118  8:36  Baneling  
  118  8:38  Zergling x6  
  123  8:46  Mutalisk  
  110  8:50  Zergling x2  
  110  8:51  Zergling x2  
  110  8:53  Zergling x8  
  100  8:56  Mutalisk  
  100  8:57  Queen x3, Zergling x2  
  100  9:02  Mutalisk  
  100  9:05  Mutalisk  
  99  9:10  Zergling x4  
  99  9:14  Baneling x4  
  99  9:15  Evolution Chamber, Zergling x2  
  99  9:16  Zergling x2  
Show
View Real Time Build Order
Export as new Build Order

Future Terran - Winner!

Build Orders: Reaper Expand, Hellion Banshee 

Get SALT Encoding   

  12  0:00  SCV  
  13  0:12  SCV  
  14  0:17  Supply Depot  
  14  0:24  SCV  
  15  0:38  SCV  
  15  0:39  Barracks  
  15  0:42  Refinery  
  16  0:50  SCV  
  17  1:02  SCV  
  18  1:14  SCV  
  19  1:26  Orbital Command, Reaper  
  20  1:39  Command Center  
  20  1:47  Supply Depot  
  20  1:53  SCV  
  21  1:58  Marine  
  22  2:05  Factory, SCV  
  23  2:12  Refinery  
  23  2:17  SCV  
  23  2:20  Barracks Reactor  
  24  2:31  SCV  
  25  2:49  SCV  
  26  2:51  Starport  
  26  2:52  Orbital Command  
  26  2:59  Hellion x2  
  26  3:01  SCV  
  26  3:02  Barracks Tech Lab  
  31  3:08  Supply Depot  
  31  3:13  SCV  
  31  3:18  SCV  
  33  3:20  Hellion  
  33  3:21  Hellion  
  33  3:25  SCV  
  38  3:30  SCV  
  38  3:31  Barracks Tech Lab  
  39  3:37  Banshee  
  39  3:38  Cloaking Field  
  39  3:40  SCV  
  43  3:42  SCV  
  43  3:43  Supply Depot  
  44  3:50  Hellion x2  
  44  3:52  SCV  
  44  3:54  SCV  
  50  4:01  Supply Depot  
  50  4:04  SCV, Stimpack  
  50  4:06  Marine, SCV  
  53  4:16  SCV  
  54  4:18  SCV  
  54  4:22  Banshee  
  60  4:30  SCV x2  
  60  4:32  Command Center  
  60  4:35  Factory Reactor  
  60  4:41  Barracks  
  60  4:42  SCV, Barracks  
  60  4:43  SCV  
  62  4:50  Engineering Bay  
  62  4:52  Engineering Bay  
  62  4:54  SCV  
  62  4:55  SCV  
  62  4:58  Supply Depot  
  64  5:02  Refinery  
  64  5:03  Refinery  
  64  5:06  SCV  
  65  5:07  SCV  
  66  5:16  Starport Reactor  
  66  5:18  SCV, Terran Infantry Weapons Level 1  
  66  5:19  SCV, Terran Infantry Armor Level 1  
  60  5:30  Marine, Siege Tank  
  60  5:32  SCV  
  60  5:33  SCV, Marine x2  
  65  5:37  Marine  
  65  5:39  Marine  
  65  5:43  Combat Shield  
  65  5:45  SCV x2  
  65  5:46  Orbital Command  
  65  5:48  Marine  
  68  5:51  Marine x2  
  68  5:55  Marine  
  68  5:56  Marine  
  68  5:57  SCV x2  
  73  6:03  Siege Tank, Medivac  
  79  6:05  Marine  
  79  6:07  Supply Depot  
  79  6:08  Medivac, Supply Depot  
  79  6:09  SCV x2  
  84  6:12  Marine x3  
  84  6:14  Marine  
  84  6:17  Orbital Command  
  88  6:21  SCV  
  90  6:25  SCV  
  90  6:29  Barracks  
  90  6:30  Barracks  
  90  6:31  Supply Depot  
  90  6:34  Supply Depot  
  90  6:35  SCV  
  90  6:36  Marine x3  
  90  6:37  Armory, SCV  
  95  6:40  Marine x2  
  95  6:43  SCV  
  95  6:47  Siege Tank  
  101  6:54  Marine  
  101  6:55  Medivac x2  
  101  6:57  SCV x2  
  101  6:58  SCV  
  109  7:01  Marine x2  
  109  7:02  Marine x2  
  113  7:09  Factory, SCV x2  
  113  7:10  Supply Depot  
  113  7:11  Supply Depot  
  113  7:12  Marine  
  116  7:17  Missile Turret  
  116  7:18  Missile Turret x2  
  116  7:19  Siege Tank, Barracks Reactor x2  
  119  7:26  Medivac  
  121  7:39  Marine x5  
  121  7:43  Refinery, Barracks  
  126  7:45  Barracks  
  126  7:46  Supply Depot x2, Barracks  
  126  7:47  Supply Depot  
  126  7:50  Medivac  
  128  7:54  Factory Reactor  
  128  7:56  Medivac  
  128  7:57  Marine x3  
  132  8:02  Siege Tank  
  132  8:03  Marine  
  135  8:06  Marine  
  135  8:09  Marine  
  135  8:11  Marine  
  138  8:14  Marine  
  138  8:15  Marine  
  138  8:16  Marine  
  138  8:17  Marine  
  142  8:20  Marine  
  142  8:21  Marine  
  142  8:22  Medivac  
  142  8:26  Medivac  
  148  8:29  Marine  
  148  8:30  Marine  
  150  8:36  Marine, Barracks Reactor x3  
  150  8:38  Marine  
  150  8:39  Marine x5  
  157  8:47  Widow Mine x2, Marine  
  157  8:48  Widow Mine, Marine  
  163  8:54  Marine  
  140  8:56  Marine x3  
  140  8:57  Marine x3  
  130  9:04  Marine  
  130  9:06  Marine  
  130  9:07  SCV  
  127  9:12  Marine  
  127  9:14  Marine x6  
Tags
 
Add a new tag
Caveats
  • Supply blocks, unpowered buildings, or Contaminate may cause inaccurate times.
  • Supply counts are checked every 10 seconds.